AoeStats
← TheQuietRiot

Arena

510145140Analyzed
1v1 RM · 1d ago on Sep 29, 2026· 45m 18s· 2 players
Game mode
Random Map
Map size
Tiny (2 player)
Population
200
Speed
Normal
Resources
Standard
Victory
Conquest
Starting age
Dark Age
Ending age
Imperial Age
RankedLock teamsTeams togetherTeam positionsShared explorationLock speedFull tech treeHidden civsTurbo modeCheats
Victory
Defeat
🇬🇧 Saxons · United Kingdom
975
+14
🇩🇪 Britons · Germany
941
-14
christoph_dixi
7:11 Loom
9:11 Feudal Age
10:01 Double-Bit Axe
12:16 Fletching
13:31 Horse Collar
19:22 Castle Age
20:14 Bodkin Arrow
20:40 Bow Saw
21:15 Crossbowman
23:48 Ballistics
23:39 Town Watch
24:59 Padded Archer Armor
30:32 Yeomen
31:12 Town Patrol
31:53 Husbandry
33:39 Wheelbarrow
36:04 Imperial Age
34:09 Scale Barding Armor
34:49 Hand Cart
34:37 Heavy Plow
37:14 Chain Barding Armor
37:09 Masonry
37:00 Gold Mining
37:05 Stone Mining
38:27 Cavalier
40:10 Plate Barding Armor
40:43 Forging
40:34 Bracer
42:21 Arbalester
44:21 Leather Archer Armor
44:46 Conscription
TheQuietRiot
9:26 Feudal Age
7:42 Loom
9:52 Double-Bit Axe
16:39 Castle Age
18:51 Loom
19:31 Squires
20:32 Horse Collar
22:48 Bow Saw
28:43 Heavy Plow
30:55 Wheelbarrow
30:32 Gold Mining
31:02 Scale Mail Armor
31:13 Forging
31:38 Gambesons
32:13 Chain Mail Armor
34:36 Imperial Age
34:00 Iron Casting
33:44 Chain Mail Armor
34:40 Stone Mining
35:28 Gold Shaft Mining
35:53 Conscription
35:08 Capped Ram
35:43 Elite Hearth Troop
35:47 Shield Wall
36:03 Siege Ram
37:05 Pikeman
37:31 Arson
38:22 Halberdier
40:56 Plate Mail Armor
41:18 Elite Varangian Guard
43:20 Murder Holes
45:15 Siege Engineers
Connection lost

Rejoining the realm…

Still unreachable

The connection could not be restored.

Session expired

The server has moved on; the page needs a fresh start.